 Dungeon Crawl Stone Soup version 0.29.1-15-g9cfb28693d (webtiles) character file.

Game seed: 9843423313388924574

331 Arctor the Insei (level 6, -5/49 (51) HPs)
             Began as a Draconian Transmuter on Feb 24, 2023.
             Slain by Crazy Yiuf
             ... wielding a +4 quarterstaff of chaos
              (9 damage)
             ... on level 3 of the Dungeon.
             The game lasted 00:04:22 (3604 turns).

Arctor the Insei (Draconian Transmuter)             Turns: 3604, Time: 00:04:23

HP:   -5/49 (51)    AC:  6    Str: 12    XL:     6   Next: 26%
MP:   4/10          EV:  7    Int: 13    God:
Gold: 313           SH:  0    Dex: 14    Spells: 7/11 levels left

rFire   . . .      SeeInvis .     - Unarmed
rCold   . . .      Faith    .   (no shield)
rNeg    . . .      Spirit   .   (body armour unavailable)
rPois   .          Reflect  .   (helmet restricted)
rElec   .          Harm     .   (no cloak)
rCorr   +          Rampage  .   (no gloves)
Will    .....                   (no boots)
Stlth   +.........              l - amulet of regeneration
HPRegen 0.96/turn               o - ring of resist corrosion
MPRegen 0.12/turn               (no ring)

@: petrifying, very slightly contaminated, lightly drained, very slow
A: AC +6, unfitting armour, cold-blooded
a: no special abilities


You were on level 3 of the Dungeon.
You visited 1 branch of the dungeon, and saw 3 of its levels.
You also visited: Sewer.

You collected 313 gold pieces.

Inventory:

Missiles
 j - 3 silver javelins
Magical Staves
 i - a staff of cold
Jewellery
 l - an amulet of regeneration (around neck)
 o - a ring of resist corrosion (left hand)
 q - a +6 ring of intelligence
 v - an amulet of faith
 w - a +6 ring of strength
Scrolls
 g - a scroll of immolation
 h - a scroll of noise
 p - a scroll of enchant armour
 r - a scroll of torment {unknown}
 s - a scroll of butterflies {unknown}
 u - 3 scrolls of silence {unknown}
Potions
 a - 3 potions of lignification
 b - 2 potions of attraction {unknown}
 d - a potion of haste {unknown}
 e - 3 potions of heal wounds {unknown}
 f - a potion of resistance {unknown}
 k - a potion of brilliance {unknown}
 m - a potion of curing {unknown}
 n - 2 potions of mutation {unknown}
 t - a potion of might {unknown}


   Skills:
 + Level 3.1 Fighting
 + Level 3.0 Dodging
 + Level 4.1 Unarmed Combat
 + Level 3.2 Spellcasting
 + Level 3.4 Transmutations


You had 7 spell levels left.
You knew the following spells:

 Your Spells              Type           Power      Damage    Failure   Level
a - Beastly Appendage     Tmut           22%        N/A       5%          1
b - Spider Form           Tmut/Pois      6%         N/A       32%         3

Your spell library contained the following spells:

 Spells                   Type           Power      Damage    Failure   Level
 Wereblood                Tmut           11%        N/A       9%          2
 Ignite Poison            Fire/Tmut/Pois 5%         N/A       38%         3
 Mephitic Cloud           Conj/Pois/Air  2%         N/A       56%         3
 Ice Form                 Ice/Tmut       6%         N/A       73%         4
 Freezing Cloud           Conj/Ice/Air   1%         6-21      99%         5


Dungeon Overview and Level Annotations

Branches:
Dungeon (3/15)              Sewer (visited)

Altars:

Annotations:
D:3 Crazy Yiuf


Innate Abilities, Weirdness & Mutations

Your plain brown scales are hard. (AC +6)
You cannot fit into any form of body armour.
You are cold-blooded and may be slowed by cold attacks.


Message History

No target in view!
You see here a +0 spear.
You see here a +0 hammer.
You see here a +0 hammer.
No reachable target in view!
Could not explore, unopened runed door.
No reachable target in view!
Could not explore, unopened runed door.
Key pressed, stopping explore.
No reachable target in view!
Casting: Spider Form (dangerous; 32% risk of failure)
Confirm with . or Enter, or press ? or * to list all spells.
You miscast Spider Form.
You are very lightly contaminated with residual magic.
Nothing appears to happen.
You open the door.
Casting: Spider Form (dangerous; 32% risk of failure)
Confirm with . or Enter, or press ? or * to list all spells.
You turn into a venomous arachnid creature.
Crazy Yiuf zaps a wand.
The bolt of dispelling energy hits you!
Your magical effects are unravelling.
Your transformation has ended.
Crazy Yiuf zaps a wand.
The bolt of dispelling energy hits you!
There is an open translucent door here.
You completely miss Crazy Yiuf.
Crazy Yiuf cries, "Cake shrimp mumblescurry!"
Crazy Yiuf hits you with a +4 quarterstaff of chaos!
You feel drained.
You hit Crazy Yiuf.
Crazy Yiuf is lightly wounded.
Crazy Yiuf hits you with a +4 quarterstaff of chaos!
* * * LOW HITPOINT WARNING * * *
You are slowing down.
Okay, then.
Okay, then.
As you read the scroll labelled VAICIFF XELU, it crumbles to dust.
It is a scroll of identify.
p - a scroll of enchant armour Crazy Yiuf hits you with a +4 quarterstaff of chaos!
You die...

###.#.....##.#.#.#####.#####
........><##.#......##.....#
.##.##.#..##'####.#.##.###.#
...(...)..#### ######## #.#
.#.###..[.# #.## .#...#....#
#######..# ...#.#....# ####
###.#...)#.# .....#....#
#...##..#...)...#
.#.......##
#..g@.####..)...# .#######.#
#)..### ###...## ## #.# ####
##### #.# #.# #.#
######.##### #..........#
#..........#


You could see Crazy Yiuf.

Vanquished Creatures
  2 bullfrogs (Sewer)
  9 adders
  4 worms
  7 dart slugs
  2 orcs
  7 endoplasms
  8 giant cockroaches
  11 goblins
  A hobgoblin (D:3)
  5 jackals (D:2)
  5 kobolds
  7 quokkas
  12 ball pythons
  5 bats
  12 frilled lizards
  4 rats
101 creatures vanquished.

Notes
Turn   | Place    | Note
-------+----------+-------------------------------------------
     0 | D:1      | Arctor the Draconian Transmuter began the quest for the
                  | Orb.
     0 | D:1      | Reached XP level 1. HP: 16/16 MP: 3/3
   172 | D:1      | Reached XP level 2. HP: 16/23 MP: 3/5
   587 | D:1      | Reached XP level 3. HP: 25/29 MP: 4/6
   797 | D:2      | Found a faded altar of an unknown god.
  1123 | D:2      | Reached XP level 4. HP: 10/36 MP: 5/7
  2230 | D:3      | Reached XP level 5. HP: 33/42 MP: 7/9
  2338 | D:3      | Found a glowing drain.
  2362 | Sewer    | Entered a sewer
  2692 | Sewer    | Reached skill level 4 in Unarmed Combat
  2695 | Sewer    | Reached XP level 6. HP: 18/51 MP: 10/10
  3117 | D:3      | Learned a level 3 spell: Spider Form
  3338 | D:3      | Found a runed translucent door.
  3339 | D:3      | Noticed Crazy Yiuf
  3476 | D:3      | Found the +1 Delatra's gloves {ID++}
  3604 | D:3      | Slain by Crazy Yiuf

Illustrated notes

Levels and vault maps discovered:
D:1:      scummos_arrival_checkerplants, layout_rooms, minmay_pentomino_r4
D:2:      minmay_spotlight, layout_basic,
          hellmonk_ecumenical_altar_leap_of_faith, minmay_close_crescents
D:3:      layout_basic, cheibrodos_sewer_entry_drain, grunt_decor_resistance,
          nrook_mini_backslash, uniq_crazy_yiuf_cottage

Skill      XL: |  1  2  3  4  5 |
---------------+----------------+-----
Dodging        | 2 3 |  3.0
Fighting       | 2 3 |  3.1
Transmutations | 3 |  3.4
Spellcasting   | 3 |  3.2
Unarmed Combat | 4 |  4.1

Action                   |  1- 3 |  4- 6 || total
-------------------------+-------+-------++-------
Melee: Unarmed           |   129 |   238 ||   367
       Kick              |    23 |    23 ||    46
       Tailslap          |     7 |    17 ||    24
       Headbutt          |    11 |    23 ||    34
       Punch             |     1 |     4 ||     5
 Cast: Beastly Appendage |    23 |    33 ||    56
       Spider Form       |       |     4 ||     4
  Use: Scroll            |       |     4 ||     4
Armor: Skin              |    57 |    83 ||   140
Dodge: Dodged            |   112 |   206 ||   318
